 Dungeon Crawl Stone Soup version 0.29-a0-284-gf9362112df (webtiles) character file.

Game seed: 10126402505115405220

444 Krypt the Digger (level 6, -1/47 HPs)
             Began as a Draconian Earth Elementalist on Mar 28, 2022.
             Slain by a vampire mosquito (9 damage)
             ... on level 6 of the Dungeon.
             The game lasted 00:15:35 (7530 turns).

Krypt the Digger (Draconian Earth Elementalist)     Turns: 7530, Time: 00:15:36

Health: -1/47      AC:  6    Str: 11    XL:     6   Next: 72%
Magic:  0/12       EV: 12    Int: 17    God:
Gold:   282        SH:  0    Dex: 11    Spells: 8/14 levels left

rFire   . . .      SeeInvis .   u - +2 mace (vorpal)
rCold   . . .      Faith    .   (no shield)
rNeg    + . .      Spirit   .   (body armour unavailable)
rPois   .          Reflect  .   (helmet restricted)
rElec   .          Harm     .   (no cloak)
rCorr   .          Rampage  .   (no gloves)
Will    .....                   (no boots)
Stlth   ++........              (no amulet)
HPRegen 0.15/turn               s - ring of positive energy
MPRegen 0.13/turn               (no ring)

@: no status effects
A: AC +6, unfitting armour, cold-blooded
a: no special abilities


You were on level 6 of the Dungeon.
You visited 1 branch of the dungeon, and saw 6 of its levels.

You collected 282 gold pieces.

Inventory:

Hand Weapons
 c - a +0 club
 f - a +2 short sword
 g - a +0 spear
 u - a +2 vorpal mace (weapon)
Missiles
 a - 100 stones
 h - 12 poisoned darts
Armour
 p - +1 fire dragon scales
 t - a +2 helmet
 v - a +3 scale mail
Jewellery
 o - an amulet of guardian spirit
 s - a ring of positive energy (left hand)
Scrolls
 k - a scroll of magic mapping
 m - 2 scrolls of amnesia
 n - 4 scrolls of teleportation
 q - a scroll of vulnerability
Potions
 b - 2 potions of magic
 d - 3 potions of heal wounds
 e - a potion of might
 i - 2 potions of curing
 j - a potion of invisibility {unknown}
 l - a potion of flight {unknown}
 r - a potion of degeneration {unknown}


   Skills:
 + Level 1.1 Fighting
 + Level 1.2 Short Blades
 + Level 0.2 Maces & Flails
 + Level 2.0 Dodging
 + Level 3.1 Stealth
 + Level 4.5 Spellcasting
 + Level 1.0 Transmutations
 + Level 4.9 Earth Magic


You had 8 spell levels left.
You knew the following spells:

 Your Spells              Type           Power      Damage    Failure   Level
a - Sandblast             Erth           40%        2d10      1%          1
b - Passwall              Tmut/Erth      10%        N/A       7%          2
c - Stone Arrow           Conj/Erth      24%        3d8       16%         3

Your spell library contained the following spells:

 Spells                   Type           Power      Damage    Failure   Level
 Static Discharge         Conj/Air       3%         N/A       22%         2
 Petrify                  Tmut/Erth      13%        N/A       41%         4
 Dispel Undead            Necr           3%         3d7       83%         4
 Sticky Flame             Conj/Fire      3%         2d3       83%         4


Dungeon Overview and Level Annotations

Branches:
Dungeon (6/15)             Temple (0/1) D:6

Altars:
Ru


Innate Abilities, Weirdness & Mutations

Your plain brown scales are hard. (AC +6)
You cannot fit into any form of body armour.
You are cold-blooded and may be slowed by cold attacks.


Message History

Aiming: Stone Arrow (dangerous; 16% risk of failure)
Press: ? - help, Q - select action, (/) - cycle Shift-Dir - straight line, f/p - vampire mosquito
Aim: a vampire mosquito (48% to hit)
The stone arrow misses the vampire mosquito.
The stone arrow hits the black bear!
The black bear is heavily wounded.
The vampire mosquito misses you. The vampire mosquito bites you!
The vampire mosquito draws strength from your injuries!
The vampire mosquito bites you but does no damage.
The vampire mosquito bites you.
Aiming: Stone Arrow (dangerous; 16% risk of failure)
Press: ? - help, Q - select action, (/) - cycle Shift-Dir - straight line, f/p - vampire mosquito
Aim: a vampire mosquito (48% to hit)
The stone arrow hits the vampire mosquito!!
The vampire mosquito is severely damaged.
The vampire mosquito bites you.
The vampire mosquito draws strength from your injuries!
The vampire mosquito bites you.
The vampire mosquito draws strength from your injuries!
The vampire mosquito barely misses you. x2
You miss the vampire mosquito.
Your tail-slap misses the vampire mosquito.
The vampire mosquito is severely damaged.
The vampire mosquito bites you but does no damage. x2
The vampire mosquito bites you.
The vampire mosquito draws strength from your injuries!
The vampire mosquito bites you.
An orc comes into view. It is wielding a +0 hand axe.
The adder misses you.
You hit the vampire mosquito.
Your tail-slap misses the vampire mosquito.
The vampire mosquito is almost destroyed.
The vampire mosquito bites you!
* * * LOW HITPOINT WARNING * * *
The vampire mosquito draws strength from your injuries!
The vampire mosquito bites you.
* * * LOW HITPOINT WARNING * * *
The vampire mosquito draws strength from your injuries!
The vampire mosquito bites you!
You die...

.............#..#
................#
............#.#.##
......<..........#
...........#.8.#..
#####...#.).....#
###.#..h8.>.8..
+.....#yyy....#
#####oS@#.8.#..
......#....:..#
...o..#..#.#..#
.###..#.......#
...##..#...# o.
......# ... ...# #
####


You could see a black bear, 3 vampire mosquitoes, an adder and 2 orcs.

Vanquished Creatures
  2 ogres
  2 howler monkeys
  2 hounds
  2 iguanas (D:4)
  An adder (D:3)
  A shadow imp (D:5)
  An ufetubus (D:5)
  2 worms
  A dart slug (D:1)
  3 orcs
  3 ball pythons
  4 endoplasms
  3 giant cockroaches
  5 goblins
  2 hobgoblins
  11 kobolds
  4 quokkas
  3 bats
  A frilled lizard (D:1)
  9 rats
62 creatures vanquished.

Notes
Turn   | Place    | Note
-------+----------+-------------------------------------------
     0 | D:1      | Krypt the Draconian Earth Elementalist began the quest for
                  | the Orb.
     0 | D:1      | Reached XP level 1. HP: 14/14 MP: 3/3
   279 | D:1      | Reached XP level 2. HP: 14/20 MP: 5/5
   624 | D:1      | Learned a level 2 spell: Passwall
  2360 | D:2      | Reached XP level 3. HP: 26/26 MP: 6/6
  2364 | D:2      | Learned a level 3 spell: Stone Arrow
  2416 | D:2      | Found a sacrificial altar of Ru.
  3399 | D:3      | Reached skill level 1 in Fighting
  3610 | D:3      | Reached skill level 1 in Short Blades
  4496 | D:4      | Reached XP level 4. HP: 32/35 MP: 2/8
  6455 | D:4      | Reached XP level 5. HP: 27/40 MP: 9/9
  6623 | D:4      | Found the +7 Kryia's mail coat {PotionHeal*2 rC+}
  6913 | D:5      | Entered Level 5 of the Dungeon
  6930 | D:5      | Noticed an ogre
  6940 | D:5      | Killed an ogre
  6941 | D:5      | Reached XP level 6. HP: 47/47 MP: 0/11
  7510 | D:5      | You fall into a shaft and drop 1 floor!
  7511 | D:6      | Found a staircase to the Ecumenical Temple.
  7520 | D:6      | Noticed a vampire mosquito
  7522 | D:6      | Noticed a vampire mosquito
  7525 | D:6      | Noticed a vampire mosquito
  7530 | D:6      | Slain by a vampire mosquito

Illustrated notes

Levels and vault maps discovered:
D:1:      mrwooster_arrival_statue_2, layout_basic, nrook_uturn,
          minmay_misc_feat_secret_circle, st_stairs_8, nrook_loot_triangle
D:2:      layout_loops_ring, basic_altar, minmay_hexomino_p4
D:3:      layout_loops_cross, eino_tiny_chamber
D:4:      layout_loops_corners
D:5:      layout_cave_pools, minmay_puff
D:6:      layout_basic, fedhas_bush_and_centaur_altar,
          minmay_temple_entry_sparse_star, st_stairs_8, uniq_crazy_yiuf_cottage,
          uniq_edmund, uniq_maggie

Skill      XL: |  1  2  3  4  5  6 |
---------------+-------------------+-----
Stealth        | 2 3 |  3.1
Fighting       | 1 |  1.1
Short Blades   | 1 |  1.2
Spellcasting   | 3 4 |  4.5
Dodging        | 2 |  2.0
Earth Magic    | 4 |  4.9
Maces & Flails | |  0.2
Transmutations | |  1.0

Action                   |  1- 3 |  4- 6 || total
-------------------------+-------+-------++-------
Melee: Club              |    19 |       ||    19
       Unarmed           |     6 |       ||     6
       Tailslap          |     5 |     2 ||     7
       Short sword       |    71 |    16 ||    87
       Punch             |     1 |       ||     1
       Mace              |       |    10 ||    10
 Cast: Sandblast         |    34 |    27 ||    61
       Passwall          |     1 |       ||     1
       Stone Arrow       |     2 |     4 ||     6
  Use: Scroll            |    12 |     2 ||    14
 Stab: Sleeping          |     3 |     1 ||     4
Armor: Skin              |    35 |    15 ||    50
Dodge: Dodged            |    63 |    32 ||    95

Table legend: (Time is in decaauts)
 A = Elapsed time spent in this place.
 B = Non-inter-level travel time spent in this place.
 C = Inter-level travel time spent in this place.
 D = Time resting spent in this place.
 E = Time spent auto-exploring this place.
 F = Levels seen in this place.
 G = Mean time per level.
                   A        B        C        D        E       F      G
               +--------+--------+--------+--------+--------+-----+--------+
         Total |   7540 |   7460 |     80 |   3559 |   3164 |   6 | 1256.7 |
       Dungeon |   7540 |   7460 |     80 |   3559 |   3164 |   6 | 1256.7 |
               +--------+--------+--------+--------+--------+-----+--------+

Top non-repeatable levels by time:
     D:4: 2484 daAuts
     D:1: 1800 daAuts
     D:2: 1534 daAuts
     D:3: 1100 daAuts
     D:5: 599 daAuts
     D:6: 20 daAuts
